 Dungeon Crawl Stone Soup version 0.25-a0-424-g80bd347ae0 (webtiles) character file.

Game seed: 5693859399375092485, levelgen mode: deterministic

53 Nattfarinn the Caller (level 3, -1/19 HPs)
             Began as a Tengu Summoner on Jan 22, 2020.
             Slain by a sky beast (4 damage)
             ... on level 2 of the Dungeon.
             The game lasted 00:04:01 (2246 turns).

Nattfarinn the Caller (Tengu Summoner)              Turns: 2246, Time: 00:04:01

Health: -1/19      AC:  2    Str:  9    XL:     3   Next: 89%
Magic:  7/8        EV: 15    Int: 15    God:
Gold:   78         SH:  0    Dex: 14    Spells: 6/7 levels left

rFire    . . .     SeeInvis .   h - +2 short sword (drain)
rCold    + . .     Gourm    .   (no shield)
rNeg     . . .     Faith    .   a - +0 robe
rPois    .         Spirit   .   (helmet restricted)
rElec    .         Reflect  .   (no cloak)
rCorr    .         Harm     .   (no gloves)
MR       .....                  (boots unavailable)
Stlth    ++........             f - amulet of the acrobat
HPRegen  0.06/turn              k - ring of ice
MPRegen  0.11/turn              p - ring of protection from fire

@: flying quickly and evasively, quick
A: beak, talons 3
a: no special abilities


You were on level 2 of the Dungeon.
You were hungry.

You visited 1 branch of the dungeon, and saw 2 of its levels.

You collected 78 gold pieces.

Inventory:

Hand Weapons
 b - a +0 dagger
 h - a +2 short sword of draining (weapon)
 q - a +1 quarterstaff of protection
Armour
 a - a +0 robe (worn)
Jewellery
 e - an uncursed amulet of faith {unknown}
 f - an amulet of the acrobat (around neck)
 k - a ring of ice (left hand)
 o - an uncursed ring of poison resistance {unknown}
 p - a ring of protection from fire (right hand)
Scrolls
 j - 2 scrolls of identify {unknown}
 l - a scroll of immolation {unknown}
 n - a scroll of teleportation {unknown}
Potions
 i - a potion of agility {unknown}
 m - a potion of mutation {unknown}
 r - a potion of ambrosia {unknown}
Comestibles
 c - 3 rations
 d - 2 chunks of flesh


   Skills:
 - Level 2.1 Dodging
 - Level 2.0 Stealth
 + Level 2.6 Spellcasting
 * Level 6.0 Summonings


You had 6 spell levels left.
You knew the following spells:

 Your Spells              Type           Power        Failure   Level  Hunger
a - Summon Small Mammal   Summ           ###.         1%          1    #......

Your spell library contained the following spells:

 Spells                   Type           Power        Failure   Level  Hunger
 Call Imp                 Summ           ###.....     2%          2    ##.....
 Call Canine Familiar     Summ           ###.....     5%          3    ###....
 Summon Guardian Golem    Hex/Summ       ##......     19%         3    ###....
 Summon Ice Beast         Ice/Summ       ###.....     52%         4    #####..
 Summon Lightning Spire   Summ/Air       ##......     52%         4    #####..


Dungeon Overview and Level Annotations

Branches:
Dungeon (2/15)

Altars:
Elyvilon


Innate Abilities, Weirdness & Mutations

You have a beak for a mouth.
You have claws for feet.


Message History

You peck the giant cockroach.
The giant cockroach is moderately wounded.
The giant cockroach closely misses you. Something hits you but does no damage.
You barely miss the giant cockroach. You peck the giant cockroach.
The giant cockroach is heavily wounded.
The giant cockroach bites you. Something hits you. Something shocks you.
The giant cockroach barely misses you.
You hit the giant cockroach. You drain the giant cockroach.
You kill the giant cockroach!
Something hits you. Something shocks you.
* * * LOW HITPOINT WARNING * * *
You are too injured to fight recklessly!
You are too injured to fight recklessly!
Something barely misses you.
It was a potion of flight.
You feel very buoyant.
You swoop lightly up into the air.
You are feeling hungry.
Something hits you.
You die...

#####.# ##### #.....#
#...#####.....# #
##.............# #
##.<..#####.....## #
#......# #......######
#..##.#(#
###..........
#.#r##...# #....##....
. #....#@# #.#.###.##.
#..##{.# #...)...##.
#.......# ###.######.
##...#### ##.######.
##.# ##......... #. ##
##.....##### #.##.#
##.......##
#.....####.........###
#....รท..'............


There were no monsters in sight!

Vanquished Creatures
  A dart slug (D:1)
  2 leopard geckos
  3 giant cockroaches
  2 goblins (D:1)
  3 hobgoblins (D:1)
  A jackal (D:1)
  A quokka (D:2)
  4 bats
  3 frilled lizards (D:1)
  3 kobolds
  4 rats
27 creatures vanquished.

Vanquished Creatures (collateral kills)
  An adder (D:2)
  An ooze (D:1)
  3 goblins (D:1)
  2 hobgoblins
  2 jackals (D:1)
  A ball python (D:1)
  3 frilled lizards (D:1)
  4 kobolds (D:1)
  2 rats (D:1)
19 creatures vanquished.

Grand Total: 46 creatures vanquished

Notes
Turn   | Place    | Note
-------+----------+-------------------------------------------
     0 | D:1      | Nattfarinn the Tengu Summoner began the quest for the Orb.
     0 | D:1      | Reached XP level 1. HP: 10/10 MP: 4/4
    87 | D:1      | Reached skill level 5 in Summonings
   506 | D:1      | Reached XP level 2. HP: 13/15 MP: 1/6
  1179 | D:1      | Reached XP level 3. HP: 18/19 MP: 7/7
  1795 | D:2      | Found a white marble altar of Elyvilon.
  2092 | D:2      | Reached skill level 6 in Summonings
  2235 | D:2      | Noticed a sky beast
  2246 | D:2      | Slain by a sky beast

Levels and vault maps discovered:
D:1:      minmay_arrival_wavy_path, layout_basic, serial_park_tiny_pond,
          minmay_quantized
D:2:      layout_loops_corners, elyvilon_altar_1

Skill      XL: |  1  2  3 |
---------------+----------+-----
Summonings     | 5 6 |  6.0
Dodging        | |  2.1
Stealth        | |  2.0
Spellcasting   | |  2.6

Action                   || total
-------------------------++-------
Melee: Dagger            ||    40
       Peck              ||    14
       Kick              ||    14
       Unarmed           ||     2
       Short sword       ||    43
 Cast: Summon Small Mamm ||    25
  Use: Potion            ||     1
 Stab: Sleeping          ||     4
  Eat: Chunk             ||     4
Armor: Robe              ||    11
Dodge: Dodged            ||    74

Table legend:
 A = Non-vault XP
 B = Vault XP
 C = Vault XP percentage of total XP
 D = Non-vault monster count
 E = Vault monster count
 F = Vault count percentage of total count
                 A         B        C        D         E       F
            +---------+---------+-------+---------+---------+-------
      Total |      71 |       6 |   7.8 |      41 |       5 |  10.9
            +---------+---------+-------+---------+---------+-------
        D:1 |      41 |       6 |  12.8 |      27 |       5 |  15.6
        D:2 |      30 |       0 |   0.0 |      14 |       0 |   0.0
            +---------+---------+-------+---------+---------+-------
